 Dungeon Crawl Stone Soup version 0.21.1-1-g345015f (webtiles) character file.

46 letownia2 the Conjurer (level 3, 0/19 HPs)
             Began as a Tengu Wizard on Mar 4, 2018.
             Slain by an orc
             ... wielding a +0 trident
              (9 damage)
             ... on level 3 of the Dungeon.
             The game lasted 00:03:12 (546 turns).

letownia2 the Conjurer (Tengu Wizard)                Turns: 546, Time: 00:03:13

Health: 0/19       AC:  3    Str:  7    XL:     3   Next: 66%
Magic:  4/8        EV: 11    Int: 19    God:
Gold:   56         SH:  0    Dex: 12    Spells: 2/8 levels left

rFire    . . .     SeeInvis .   a - +1 short sword (elec)
rCold    . . .     Gourm    .   (no shield)
rNeg     . . .     Faith    .   g - +0 leather armour
rPois    .         Spirit   .   b - +0 hat
rElec    .         Reflect  .   (no cloak)
rCorr    .         Harm     .   (no gloves)
MR       .....                  (boots unavailable)
Stlth    +.........             o - amulet of rage
HPRegen  0.06/turn              l - ring of loudness (curse)
MPRegen  0.11/turn              (no ring)

@: very slightly contaminated
A: beak, talons 3
a: Evoke Berserk Rage


You were on level 3 of the Dungeon.
You were not hungry.

You visited 1 branch of the dungeon, and saw 4 of its levels.

You collected 56 gold pieces.

Inventory:

Hand Weapons
 a - a +1 short sword of electrocution (weapon)
 e - a +0 dagger
Missiles
 f - 23 sling bullets
 i - 2 poisoned javelins (quivered)
Armour
 b - a +0 hat (worn)
 g - a +0 leather armour (worn)
 j - a +0 robe
Jewellery
 l - a cursed ring of loudness (left hand)
 o - an amulet of rage (around neck)
Scrolls
 h - a scroll of identify {unknown}
 k - a scroll of amnesia {unknown}
 m - a scroll of remove curse {unknown}
 n - a scroll of random uselessness {unknown}
Books
 c - a book of Minor Magic

   Spells                             Type                      Level
   a - Magic Dart                     Conjuration                  1
   b - Blink                          Translocation                2
   c - Call Imp                       Summoning                    2
   d - Slow                           Hexes                        2
   e - Conjure Flame                  Conjuration/Fire             3
   f - Mephitic Cloud                 Conjuration/Poison/Air       3
Comestibles
 d - 5 rations


   Skills:
 - Level 2.1 Dodging
 - Level 2.0 Stealth
 - Level 3.0 Spellcasting
 + Level 4.2 Conjurations
 - Level 1.2 Summonings
   Level 0.7 Translocations
 + Level 1.4 Air Magic


You had 2 spell levels left.
You knew the following spells:

 Your Spells              Type           Power        Failure   Level  Hunger
a - Magic Dart            Conj           ###.         4%          1    None
e - Mephitic Cloud        Conj/Pois/Air  ##......     32%         3    ###....
i - Call Imp              Summ           #.......     22%         2    ##.....


Dungeon Overview and Level Annotations

Branches:
Dungeon (4/15)
 Temple: D:4-7

Altars:

Portals:
Sewer: D:3

Annotations:
D:4 Menkaure


Innate Abilities, Weirdness & Mutations

You have a beak for a mouth.
You have claws for feet.


Message History

The orc shouts!
The orc wizard shouts!
You hit the worker ant zombie.
Lightning courses through the worker ant zombie!
You destroy the worker ant zombie!
Your Air Magic skill increases to level 1!
You hear a shout!
Unknown command.
You closely miss the leopard gecko. Your kick misses the leopard gecko.
The leopard gecko bites you but does no damage.
Your crimson imp closely misses the leopard gecko.
Unknown command.
The leopard gecko misses you.
Your crimson imp hits the leopard gecko.
Unknown command.
An orc comes into view. It is wielding a flail.
The orc shouts!
The orc wizard gestures wildly while chanting.
The orc wizard seems to speed up.
The orc hits you from afar with a trident!
You die...

#.# #.#........#
#.########.#........#
.....#..##.#........+
#.##.#..##.#........#
#.##.#..##.#<.......###.
#.##.#..##.#....(.......
#.##.>..........5......).
#.##............l.o..o...
..##...#########@#####.##
........(.(..........o..o
..............<#.#####...
......#####......#
............######
......8..#### .......P.#
..###.8.8# ..# ######


You could see an orc wizard, 2 orcs, a leopard gecko and a friendly crimson imp.

Vanquished Creatures
  2 worker ant zombies (D:3)
  An adder (D:2)
  A worm (D:2)
  A leopard gecko (D:2)
  An orc (D:3)
  2 hobgoblins (D:2)
  5 kobolds
  A leopard gecko skeleton (D:3)
  A quokka skeleton (D:3)
15 creatures vanquished.

Notes
Turn   | Place    | Note
-------+----------+-------------------------------------------
     0 | D:1      | letownia2 the Tengu Wizard began the quest for the Orb.
     0 | D:1      | Reached XP level 1. HP: 10/10 MP: 5/5
    59 | D:2      | Reached skill level 2 in Conjurations
   239 | D:2      | Reached XP level 2. HP: 7/15 MP: 0/7
   271 | D:2      | Reached skill level 3 in Conjurations
   384 | D:3      | Reached XP level 3. HP: 15/19 MP: 1/8
   389 | D:3      | Learned a level 3 spell: Mephitic Cloud
   392 | D:3      | Learned a level 2 spell: Call Imp
   440 | D:3      | Reached skill level 4 in Conjurations
   464 | D:3      | Found a glowing drain.
   519 | D:4      | Noticed Menkaure
   540 | D:3      | Reached skill level 1 in Air Magic
   546 | D:3      | Slain by an orc

Skill      XL: |  1  2  3 |
---------------+----------+-----
Conjurations   | 2 3 4 |  4.2
Air Magic      | 1 |  1.4
Dodging        | |  2.1
Stealth        | |  2.0
Spellcasting   | |  3.0
Summonings     | |  1.2
Translocations | |  0.7

Action                   || total
-------------------------++-------
Melee: Dagger            ||     2
       Short sword       ||    15
       Peck              ||     2
       Kick              ||     1
Throw: Javelin           ||     2
 Cast: Magic Dart        ||    34
       Call Imp          ||     2
Armor: Leather armour    ||    10
       Robe              ||     1
Dodge: Dodged            ||     9
